 Dungeon Crawl Stone Soup version 0.26.1-15-g04117e645d (webtiles) character file.

Game seed: 18340791541972828753

11536 suipiss the Thaumaturge (level 11, -2/74 HPs)
             Began as a Demonspawn Ice Elementalist on Dec 15, 2022.
             Was a High Priest of Vehumet.
             Slain by a freezing wraith (10 damage)
             ... led by a death knight
             ... on level 11 of the Dungeon.
             The game lasted 00:42:35 (15175 turns).

suipiss the Thaumaturge (DsIE)                     Turns: 15175, Time: 00:42:36

Health: -2/74      AC: 11    Str: 11    XL:     11   Next: 50%
Magic:  25/25      EV: 14    Int: 19    God:    Vehumet [*****.]
Gold:   281        SH:  0    Dex: 19    Spells: 16/30 levels left

rFire    + . .     SeeInvis .   a - +5 short sword (speed)
rCold    + . .     Faith    .   (no shield)
rNeg     + . .     Spirit   .   m - +0 leather armour
rPois    +         Reflect  .   E - +2 helmet
rElec    .         Harm     .   y - +1 cloak {rPois}
rCorr    .         Rampage  .   t - +2 pair of gloves
Will     .....                  (no boots)
Stlth    ++........             (no amulet)
HPRegen  0.22/turn              v - ring "Gedduete" {*Drain rF+ rN+ Str+2 Stlth+}
MPRegen  0.19/turn              w - ring of Teistraa {rC+ Dex+5 Stlth-}

@: mighty, weak-willed, hasted and slowed
A: hooves 1, spiny 1, miasma immunity, sturdy frame 2
a: Renounce Religion


You were on level 11 of the Dungeon.
You worshipped Vehumet.
Vehumet was extremely pleased with you.
You visited 1 branch of the dungeon, and saw 11 of its levels.
You also visited: Bailey.

You collected 665 gold pieces.
You spent 384 gold pieces at shops.

Inventory:

Hand Weapons
 a - a +5 short sword of speed (weapon)
 i - a +1 falchion of electrocution
 j - a -1 trident
Armour
 m - a +0 leather armour (worn)
 n - the +7 plate armour of Vitokhlou {*Drain rC- MP+9 Str+8}
   (You found it on level 8 of the Dungeon)

   It affects your strength (+8).
   It makes you vulnerable to cold.
   It affects your magic capacity (+9).
   It causes draining when unequipped.
 t - a +2 pair of gloves (worn)
 y - a +1 cloak of poison resistance (worn)
 E - a +2 helmet (worn)
Magical Staves
 D - an uncursed staff of cold
Jewellery
 v - the ring "Gedduete" (left hand) {*Drain rF+ rN+ Str+2 Stlth+}
   (You found it in a bailey)

   [ring of stealth]

   It affects your strength (+2).
   It protects you from fire.
   It protects you from negative energy.
   It causes draining when unequipped.
   It makes you more stealthy.
 w - the ring of Teistraa (right hand) {rC+ Dex+5 Stlth-}
   (You bought it in a shop on level 6 of the Dungeon)

   [ring of attention]

   It affects your dexterity (+5).
   It protects you from cold.
   It makes you less stealthy.
 C - an uncursed ring of fire
Wands
 u - a wand of disintegration (3)
 x - a wand of paralysis (7)
 z - a wand of polymorph (17)
Scrolls
 b - 4 scrolls of amnesia
 c - a scroll of fear
 f - 2 scrolls of remove curse
 h - 5 scrolls of enchant weapon {unknown}
 l - 5 scrolls of enchant armour
 s - a scroll of fog
 B - a scroll of noise {unknown}
 H - a scroll of brand weapon {unknown}
Potions
 d - 4 potions of flight
 e - 3 potions of brilliance
 g - 4 potions of curing
 o - 3 potions of heal wounds
 q - 4 potions of mutation
 r - a potion of lignification {unknown}
 A - a potion of cancellation
 G - a potion of resistance {unknown}


   Skills:
 + Level 2.9 Fighting
 + Level 5.3 Short Blades
 + Level 1.5 Polearms
 + Level 3.4 Dodging
 + Level 3.5 Stealth
 + Level 0.3 Unarmed Combat
 * Level 10.2 Spellcasting
 * Level 6.5 Conjurations
 * Level 9.8 Ice Magic
 + Level 1.7 Earth Magic
 + Level 0.9 Evocations


You had 16 spell levels left.
You knew the following spells:

 Your Spells              Type           Power        Failure   Level
a - Freeze                Ice            100%         1%          1
b - Frozen Ramparts       Ice            94%          1%          3
c - Hailstorm             Conj/Ice       40%          1%          4
d - Ozocubu's Armour      Ice            47%          1%          3
e - Stone Arrow           Conj/Erth      50%          1%          3

Your spell library contained the following spells:

 Spells                   Type           Power        Failure   Level
 Irradiate                Conj/Tmut      11%          14%         5
 Beastly Appendage        Tmut           18%          8%          1
 Ice Form                 Ice/Tmut       28%          10%         4
 Summon Ice Beast         Ice/Summ       28%          10%         4
 Wereblood                Tmut           9%           11%         2
 Spider Form              Tmut/Pois      4%           22%         3
 Blade Hands              Tmut           4%           90%         5


Dungeon Overview and Level Annotations

Branches:
Dungeon (11/15)            Temple (0/1) D:7             Orc (0/2) D:10
 Bailey (visited)
   Lair: D:8-11

Altars:
Ashenzari
Gozag
Nemelex Xobeh
Okawaru
Ru
Trog
Vehumet
Wu Jian
Yredelemnul

Shops:
D:6 =   D:10 (

Annotations:
D:5 1 runed translucent door, Fek's ghost, novice GrBe
D:6 2 runed translucent doors, dtburroughs's ghost, novice MiBe


Innate Abilities, Weirdness & Mutations

You have large cloven feet.
You are partially covered in sharp spines.
You are immune to miasma.
Your movements are less encumbered by armour. (ER -4)


Message History

The phantasmal warrior blinks!
You feel much better. The freezing wraith hits you.
The freezing wraith freezes you! You resist. The freezing wraith hits you.
The freezing wraith drains your vigour!
You feel yourself slow down.
You feel yourself speed up.
The freezing wraith hits you but does no damage.
The freezing wraith barely misses you. The phantasmal warrior hits you!
The freezing wraith misses you. The freezing wraith barely misses you.
You feel much better.
The phantasmal warrior barely misses you.
The freezing wraith hits you. The freezing wraith freezes you! You resist.
The freezing wraith hits you. The freezing wraith drains your vigour!
You feel as though you will be slow longer.
The phantasmal warrior hits you!!
* * * LOW HITPOINT WARNING * * *
The phantasmal warrior blinks!
The phantasmal warrior blinks!
The freezing wraith hits you.
* * * LOW HITPOINT WARNING * * *
The freezing wraith freezes you! You resist.
You die...

#. #.##W...........
....#....###).#########
h......###...###......#
...#..####.### #.†....#
...........#####......#
W.##..###......§.<§####
.p.........(....#W##
.#.#.##########W..##
.#.#.# ##@..# .#.#.#
#...## .#)#.# ##.#.#
)#†#.#########..#.#
.)†(.†.........##.#
##.#(######..####.#
#.#.# #### #.# #)#[#
..# #.#.# ##


You could see a phantasmal warrior and a freezing wraith.

Vanquished Creatures
  A death knight (D:11)
  An unseen horror (D:8)
  A phantasmal warrior (D:11)
  Maurice (D:8)
  Joseph (D:8)
  A troll (D:10)
  A hornet (D:10)
  9 yaks
  21 orc warriors
  2 sky beasts
  4 ice beasts
  6 ogres
  2 phantoms
  13 centaurs
  7 big kobolds
  6 bullfrogs
  4 gnoll sergeants (D:10)
  A wyvern skeleton (D:8)
  2 scorpions
  5 wights (D:7)
  2 howler monkeys
  3 bullfrog zombies
  2 centaur zombies (D:6)
  3 hounds
  3 jellies (D:9)
  5 orc priests
  3 bullfrog skeletons
  2 iguanas
  14 worker ants
  9 orc wizards
  A hound zombie (D:6)
  A hound skeleton (D:6)
  A worker ant zombie (D:10)
  A howler monkey zombie (D:9)
  A howler monkey skeleton (D:5)
  12 adders
  11 gnolls
  A shadow imp (D:5)
  4 ufetubi
  3 oozes
  An adder zombie (D:7)
  2 dart slugs (D:1)
  6 leopard geckos
  61 orcs
  7 bats
  10 giant cockroaches
  10 hobgoblins
  3 jackals (D:11)
  44 kobolds
  6 quokkas
  A ball python (D:3)
  6 frilled lizards
  8 goblins
  2 leopard gecko skeletons
  A quokka skeleton (D:8)
  9 rats
348 creatures vanquished.

Vanquished Creatures (others)
  A gnoll (D:5)
  63 plants (D:5)
64 creatures vanquished.

Grand Total: 412 creatures vanquished

Notes
Turn   | Place    | Note
-------+----------+-------------------------------------------
     0 | D:1      | suipiss the Demonspawn Ice Elementalist began the quest for
                  | the Orb.
     0 | D:1      | Reached XP level 1. HP: 13/13 MP: 3/3
   450 | D:1      | Gained mutation: Your movements are slightly less
                  | encumbered by armour. (ER -2) [demonic ancestry]
   450 | D:1      | Reached XP level 2. HP: 11/19 MP: 1/5
  1220 | D:1      | Gained mutation: You are partially covered in sharp spines.
                  | [demonic ancestry]
  1220 | D:1      | Reached XP level 3. HP: 24/24 MP: 4/6
  1339 | D:1      | Learned a level 3 spell: Frozen Ramparts
  1912 | D:2      | Reached XP level 4. HP: 30/30 MP: 8/8
  1921 | D:2      | Learned a level 4 spell: Hailstorm
  1946 | D:2      | You fall into a shaft and drop 1 floor!
  2078 | D:2      | Found a radiant altar of Vehumet.
  2169 | D:2      | Became a worshipper of Vehumet
  2617 | D:3      | Found a sacrificial altar of Ru.
  2668 | D:3      | Reached skill level 3 in Spellcasting
  2760 | D:3      | Found an iron altar of Okawaru.
  2761 | D:3      | Found a bloodstained altar of Trog.
  2761 | D:3      | Found an opulent altar of Gozag.
  2771 | D:3      | Found an ornate altar of the Wu Jian Council.
  3126 | D:3      | Found a faded altar of an unknown god.
  3343 | D:4      | Reached XP level 5. HP: 36/36 MP: 3/9
  3685 | D:4      | Reached * piety under Vehumet
  3685 | D:4      | Offered knowledge of Magic Dart by Vehumet.
  3686 | D:4      | Reached skill level 1 in Conjurations
  3982 | D:4      | Reached skill level 5 in Ice Magic
  4136 | D:5      | Entered Level 5 of the Dungeon
  4150 | D:5      | Gained mutation: You have large cloven feet. [demonic
                  | ancestry]
  4150 | D:5      | Reached XP level 6. HP: 25/42 MP: 2/11
  4321 | D:5      | Reached skill level 4 in Spellcasting
  4428 | D:5      | Found a sparkling altar of Nemelex Xobeh.
  4644 | D:5      | Reached skill level 1 in Fighting
  4671 | D:5      | Reached XP level 7. HP: 48/48 MP: 9/13
  4755 | D:5      | Reached skill level 1 in Polearms
  5143 | D:5      | Noticed Fek's ghost (novice GrBe)
  5148 | D:5      | Found a runed translucent door.
  5646 | D:5      | Learned a level 3 spell: Ozocubu's Armour
  6111 | D:6      | Offered knowledge of Sandblast by Vehumet.
  6114 | D:6      | Reached ** piety under Vehumet
  6121 | D:6      | Reached skill level 5 in Spellcasting
  6151 | D:6      | Gained mutation: You are immune to miasma. [demonic
                  | ancestry]
  6151 | D:6      | Reached XP level 8. HP: 41/54 MP: 11/15
  6330 | D:6      | Found a large runed translucent door.
  6330 | D:6      | Found a large runed translucent door.
  6332 | D:6      | Noticed dtburroughs's ghost (novice MiBe)
  6752 | D:6      | Found Viwnykikh's Jewellery Shoppe.
  6775 | D:6      | Reached skill level 1 in Short Blades
  7218 | D:7      | Offered knowledge of Stone Arrow by Vehumet.
  7223 | D:7      | Learned a level 3 spell: Stone Arrow
  7253 | D:7      | Found a broken altar of Ashenzari.
  7394 | D:7      | Reached skill level 6 in Spellcasting
  7588 | D:7      | Found a staircase to the Ecumenical Temple.
  7590 | D:7      | Reached *** piety under Vehumet
  7652 | D:7      | Reached XP level 9. HP: 39/61 MP: 11/18
  7837 | D:7      | Offered knowledge of Inner Flame by Vehumet.
  8304 | D:7      | Reached skill level 7 in Spellcasting
  8501 | D:8      | Found a flagged portal.
  8511 | Bailey   | Entered a bailey
  8524 | Bailey   | Reached **** piety under Vehumet
  8873 | Bailey   | Offered knowledge of Sticky Flame by Vehumet.
  9829 | Bailey   | Reached skill level 8 in Spellcasting
  9935 | Bailey   | Reached XP level 10. HP: 60/67 MP: 7/22
 10009 | Bailey   | Reached skill level 1 in Earth Magic
 10358 | Bailey   | Got a shimmering glass ring
 10361 | Bailey   | Identified the ring "Gedduete" {*Drain rF+ rN+ Str+2
                  | Stlth+} (You found it in a bailey)
 10937 | D:8      | Got a bloodstained plate armour
 11171 | D:6      | Bought the ring of Teistraa {rC+ Dex+5 Stlth-} for 384 gold
                  | pieces
 11182 | D:6      | Identified the +7 plate armour of Vitokhlou {*Drain rC-
                  | MP+9 Str+8} (You found it on level 8 of the Dungeon)
 11338 | D:8      | Reached skill level 5 in Conjurations
 11377 | D:8      | Noticed Maurice
 11379 | D:8      | Paralysed by Maurice for 3 turns
 11387 | D:8      | Killed Maurice
 11470 | D:8      | Killed an unseen horror
 11617 | D:8      | Noticed Joseph
 11632 | D:8      | Killed Joseph
 11742 | D:8      | Reached skill level 9 in Spellcasting
 13377 | D:9      | Reached ***** piety under Vehumet
 13377 | D:9      | Offered knowledge of Irradiate by Vehumet.
 13653 | D:9      | Found a basalt altar of Yredelemnul.
 13653 | D:9      | Found a sparkling altar of Nemelex Xobeh.
 13837 | D:10     | Entered Level 10 of the Dungeon
 14128 | D:10     | Gained mutation: Your movements are less encumbered by
                  | armour. (ER -4) [demonic ancestry]
 14128 | D:10     | Reached XP level 11. HP: 58/74 MP: 15/24
 14534 | D:10     | Found Qeesegol's Antique Weapon Boutique.
 14565 | D:10     | Found a staircase to the Orcish Mines.
 14584 | D:10     | Reached skill level 5 in Short Blades
 15032 | D:11     | Reached skill level 10 in Spellcasting
 15076 | D:11     | Noticed a skeletal warrior
 15079 | D:11     | Noticed a death knight
 15123 | D:11     | Noticed a phantasmal warrior
 15147 | D:11     | Killed a death knight
 15149 | D:11     | Noticed a phantasmal warrior
 15160 | D:11     | Killed a phantasmal warrior
 15175 | D:11     | Slain by a freezing wraith

Illustrated notes

Levels and vault maps discovered:
D:1:      zelgadis_glass_arrival_small, layout_rooms, minmay_pentomino_u4
D:2:      layout_rooms, marbit_many_paths
D:3:      layout_rooms, chequers_temple_overflow_statue_of_worship,
          chequers_ecumenical_altar_grove, nicolae_ru_sacrificial_ziggurat
D:4:      layout_basic
D:5:      kennysheep_kobold_camp, layout_basic, hellmonk_ghost_happy_afterlife,
          basic_altar
D:6:      lemuel_ice_spiral_2, layout_basic, serial_shops, kennysheep_mini,
          ebering_ghost_disaster_area, serial_park_tiny_pond, minivault_26
D:7:      layout_rooms, nicolae_ashenzari_panopticon, temple_statues,
          serial_curves, eino_curves_04, eino_curves_02,
          hangedman_minor_gate_pass
D:8:      layout_basic, enter_bailey_4, uniq_joseph, uniq_maurice
D:9:      layout_stronghold, amethyst_overflow_temple_binary, serial_glass,
          glass_columns_b, glass_columns_b, minmay_curled_crystal,
          chequers_serial_rivers_small_b
D:10:     layout_rooms, kennysheep_orc_monster_closet_entryway, serial_shops,
          shop
D:11:     layout_rooms, lair_entry_dummy, serial_shops, shop, patterned_corridor

Skill      XL: |  1  2  3  4  5  6  7  8  9 10 11 |
---------------+----------------------------------+-----
Dodging        | 2 3 |  3.4
Ice Magic      | 4 5 6 7 8 9 |  9.8
Spellcasting   | 3 4 5 6 8 9 10 | 10.2
Conjurations   | 1 2 3 4 6 |  6.5
Fighting       | 1 2 |  2.9
Stealth        | 2 3 |  3.5
Polearms       | 1 |  1.5
Short Blades   | 2 3 4 5 |  5.3
Earth Magic    | 1 |  1.7
Unarmed Combat | |  0.3
Evocations     | |  0.9

Action                   |  1- 3 |  4- 6 |  7- 9 | 10-12 || total
-------------------------+-------+-------+-------+-------++-------
Melee: Unarmed           |    25 |     8 |       |       ||    33
       Trident           |       |    31 |    55 |       ||    86
       Kick              |       |     1 |    50 |    75 ||   126
       Short sword       |       |       |   152 |   228 ||   380
       Punch             |       |       |       |     1 ||     1
 Cast: Freeze            |    51 |    55 |       |       ||   106
       Frozen Ramparts   |     2 |    10 |    41 |    26 ||    79
       Ozocubu's Armour  |       |       |     8 |     7 ||    15
       Hailstorm         |       |       |     9 |    31 ||    40
       Stone Arrow       |       |       |    50 |    25 ||    75
Evoke: Wand              |       |       |    13 |     1 ||    14
  Use: Potion            |     1 |       |     6 |     4 ||    11
       Scroll            |       |     8 |     4 |     6 ||    18
 Stab: Sleeping          |       |     3 |     2 |     7 ||    12
       Distracted        |       |       |     1 |       ||     1
       Paralysed         |       |       |       |     1 ||     1
Armor: Robe              |     8 |    29 |     2 |       ||    39
       Leather armour    |       |       |    47 |    40 ||    87
Dodge: Dodged            |    50 |    46 |   128 |   122 ||   346
